 Dungeon Crawl Stone Soup version 0.23.2-33-g5129a83184 (webtiles) character file.

Game seed: 16641583395242433315

23 Folque the Charmwright (level 2, 0/24 HPs)
             Began as a Centaur Skald on July 9, 2019.
             Slain by a dart slug (1 damage)
             ... on level 1 of the Dungeon.
             The game lasted 00:01:14 (232 turns).

Folque the Charmwright (Centaur Skald)               Turns: 232, Time: 00:01:14

Health: 0/24       AC:  4    Str: 13    XL:     2   Next: 72%
Magic:  4/4        EV:  9    Int: 12    God:
Gold:   32         SH:  0    Dex:  8    Spells: 1/4 levels left

rFire    . . .     SeeInvis .   a - +0 hand axe
rCold    . . .     Gourm    .   (no shield)
rNeg     . . .     Faith    .   b - +0 leather armour
rPois    .         Spirit   .   (no helmet)
rElec    .         Reflect  .   (no cloak)
rCorr    .         Harm     .   (no gloves)
MR       .....                  (no barding)
Stlth    ..........             (no amulet)
HPRegen  0.08/turn              (no ring)
MPRegen  0.09/turn              (no ring)

@: very quick
A: large, hooves 3, deformed body, speed 2, tough skin 3
a: no special abilities


You were on level 1 of the Dungeon.
You were not hungry.

You visited 1 branch of the dungeon, and saw 1 of its levels.

You collected 32 gold pieces.

Inventory:

Hand Weapons
 a - a +0 hand axe (weapon)
Armour
 b - a +0 leather armour (worn)
Scrolls
 e - 2 scrolls of remove curse {unknown}
 g - a scroll of identify {unknown}
Potions
 f - a potion of lignification {unknown}
Comestibles
 c - 7 chunks of flesh
 d - a ration


   Skills:
 - Level 2.0 Fighting
 + Level 2.3 Axes
 - Level 0.6 Armour
 - Level 1.3 Dodging
 * Level 1.8 Spellcasting
 + Level 3.1 Charms


You had one spell level left.
You knew the following spells:

 Your Spells              Type           Power        Failure   Level  Hunger
a - Infusion              Chrm           #...         10%         1    ##.....
b - Shroud of Golubria    Chrm/Tloc      #.........   28%         2    ###....

Your spell library contained the following spells:

 Spells                   Type           Power        Failure   Level  Hunger
 Song of Slaying          Chrm           #.......     14%         2    ###....
 Regeneration             Chrm/Necr      #.........   50%         3    ####...
 Spectral Weapon          Hex/Chrm       #.......     50%         3    ####...


Dungeon Overview and Level Annotations

Branches:
Dungeon (1/15)

Altars:


Innate Abilities, Weirdness & Mutations

You have hooves in place of feet.
Armour fits poorly on your strangely shaped body.
You cover ground very quickly.
You have extremely tough skin. (AC +3)


Message History

You kill the kobold!
You see here 16 gold pieces.
You now have 32 gold pieces (gained 16).
The goblin hits you.
* * * LOW HITPOINT WARNING * * *
You hit the goblin. You kick the goblin.
You kill the goblin!
You closely miss the goblin. You kick the goblin.
The goblin is severely wounded.
The goblin hits you.
* * * LOW HITPOINT WARNING * * *
You hit the goblin.
You kill the goblin!
The dart slug launches a dart at you. The slug dart hits you.
* * * LOW HITPOINT WARNING * * *
You hit the dart slug. You kick the dart slug.
The dart slug is almost dead.
The dart slug bites you.
You die...

#.........(.............
#....÷..................
#.............(......?..
#................g......
##.....[.......#.(......
##.....#.....##........
########...###........
#.w.# ######### #@#.#
#...# #####...####..
#............#
#...........## ######
#............. ##.....
#.........######....<.
#........##...........
#........#...⌠....##'#


You could see a dart slug.

Vanquished Creatures
  A dart slug (D:1)
  2 leopard geckos (D:1)
  A bat (D:1)
  A giant cockroach (D:1)
  6 goblins (D:1)
  2 hobgoblins (D:1)
  2 kobolds (D:1)
  A rat (D:1)
16 creatures vanquished.

Notes
Turn   | Place    | Note
-------+----------+-------------------------------------------
     0 | D:1      | Folque the Centaur Skald began the quest for the Orb.
     0 | D:1      | Reached XP level 1. HP: 17/17 MP: 3/3
    86 | D:1      | Reached XP level 2. HP: 20/24 MP: 4/4
   148 | D:1      | Reached skill level 3 in Charms
   203 | D:1      | Learned a level 2 spell: Shroud of Golubria
   229 | D:1      | HP: 1/24 [dart slug/slug dart (4)]
   232 | D:1      | Slain by a dart slug

Skill      XL: |  1  2 |
---------------+-------+-----
Axes           | 2 |  2.3
Charms         | 3 |  3.1
Fighting       | |  2.0
Armour         | |  0.6
Dodging        | |  1.3
Spellcasting   | |  1.8

Action                   || total
-------------------------++-------
Melee: Hand axe          ||    33
       Kick              ||    10
Armor: Leather armour    ||    13
Dodge: Dodged            ||    23
